 Dungeon Crawl Stone Soup version 0.29.0-4-gdea44cf6ec (webtiles) character file.

Game seed: 6202873843540934375

35 qw the Ruffian (level 3, -2/28 HPs)
             Began as a Ghoul Fire Elementalist on Aug 29, 2022.
             Slain by a kobold
             ... wielding a +0 whip
              (4 damage)
             ... on level 2 of the Dungeon.
             The game lasted 00:01:21 (1921 turns).

qw the Ruffian (Ghoul Fire Elementalist)            Turns: 1921, Time: 00:01:22

Health: -2/28      AC:  2    Str: 13    XL:     3   Next: 33%
Magic:  4/4        EV: 12    Int: 10    God:
Gold:   70         SH:  0    Dex:  9    Spells: 4/5 levels left

rFire   . . .      SeeInvis .     - Unarmed
rCold   + . .      Faith    .   (no shield)
rNeg    + + +      Spirit   .   a - +0 robe
rPois   inf        Reflect  .   (no helmet)
rElec   .          Harm     .   (no cloak)
rCorr   .          Rampage  .   (no gloves)
Will    .....                   (no boots)
Stlth   ++........              (no amulet)
HPRegen 0.00/turn               (no ring)
MPRegen 0.09/turn               (no ring)

@: inhibited regen
A: claws 1, cold resistance 1, negative energy resistance 3, inhibited
regeneration, torment resistance 2, devour on kill
a: no special abilities


You were on level 2 of the Dungeon.
You visited 1 branch of the dungeon, and saw 2 of its levels.

You collected 70 gold pieces.


Innate Abilities, Weirdness & Mutations

You are immune to poison.
You have sharp fingernails.
Your flesh is cold resistant. (rC+)
You are immune to negative energy. (rN+++)
You do not regenerate when monsters are visible.
You are immune to unholy pain and torment.
You thrive by killing the living.


   Skills:
 - Level 1.1 Fighting
 - Level 1.7 Dodging
 - Level 2.1 Stealth
 + Level 2.8 Unarmed Combat
 - Level 1.7 Spellcasting
 - Level 0.7 Conjurations
 - Level 2.4 Fire Magic


You had 4 spell levels left.
You knew the following spells:

 Your Spells              Type           Power      Damage    Failure   Level
a - Foxfire               Conj/Fire      16%        2x1d4     17%         1

Your spell library contained the following spells:

 Spells                   Type           Power      Damage    Failure   Level
 Scorch                   Fire           10%        2d6       19%         2
 Conjure Flame            Conj/Fire      4%         6-21      45%         3
 Inner Flame              Hex/Fire       3%         N/A       52%         3
 Flame Wave               Conj/Fire      4%         2d5       86%         4

Inventory:

Armour
 a - a +0 robe (worn)
 b - a +0 cloak
Scrolls
 c - a scroll of enchant armour

Dungeon Overview and Level Annotations

Branches:
Dungeon (2/15)

Altars:

Shops:
D:1 ?

Annotations:
D:2 Natasha


Message History

The ball python hisses angrily.
You closely miss the ball python. The ball python completely misses you.
The ball python barely misses you.
You barely miss the ball python. The ball python barely misses you.
The ball python misses you.
You scratch the ball python.
You kill the ball python!
You see here a ball python corpse.
Natasha, Servant of Life and Death comes into view.
Enter note:
1812 ||| Stepping ~*~*~tactically~*~*~ (hiding).
You start waiting.
Done waiting.
Natasha, a kobold and an adder come into view.
Natasha hisses angrily.
Natasha completely misses you.
You scratch Natasha.
Natasha is moderately wounded.
Natasha claws you!
You miss Natasha.
Natasha is moderately wounded.
The adder hisses angrily.
Natasha casts a spell.
You closely miss Natasha.
Natasha is moderately wounded.
Natasha closely misses you.
You scratch Natasha but do no damage.
Natasha is moderately wounded.
Natasha claws you.
You barely miss Natasha.
Natasha is moderately wounded.
Natasha claws you.
You closely miss Natasha.
Natasha is moderately wounded.
The shadow imp hits you but does no damage.
The kobold hits you with a +0 whip. Natasha claws you!
You barely miss Natasha.
Natasha is moderately wounded.
The shadow imp closely misses you. The kobold hits you with a +0 whip.
You die...

#.### #.# #...#
#.%.#######.###...#
#.........).......#
#........####
#..####..# ......
#..######. ###...#
#.........
#...####....###.
#.....S5@K#.....
#......h.....##.
.#.............
........###.##.
###.##### .# #. # #


You could see Natasha, an adder, a shadow imp (summoned) and a kobold.

Vanquished Creatures
  A ball python (D:2)
  A bat (D:1)
  4 endoplasms (D:1)
  3 giant cockroaches (D:1)
  5 goblins (D:1)
  2 hobgoblins (D:1)
  3 jackals (D:1)
  A kobold (D:1)
  3 quokkas (D:1)
  2 frilled lizards (D:1)
  2 rats
  A spectral kobold (D:1)
28 creatures vanquished.

Notes
Turn   | Place    | Note
-------+----------+-------------------------------------------
     0 | D:1      | qw the Ghoul Fire Elementalist began the quest for the Orb.
     0 | D:1      | Reached XP level 1. HP: 14/14 MP: 2/2
     0 | D:1      | 0 ||| qw: Version: 0.1-a-90-g952f4b7
     0 | D:1      | 0 ||| qw: Game counter: 4252
     0 | D:1      | 0 ||| qw: Always use a shield: true
     0 | D:1      | 0 ||| qw: God list: Okawaru
     0 | D:1      | 0 ||| qw: Allow faded altars: false
     0 | D:1      | 0 ||| qw: Do Orc after D:15 true
     0 | D:1      | 0 ||| qw: Do second Lair branch before Depths: true
     0 | D:1      | 0 ||| qw: Lair rune preference: random
     0 | D:1      | 0 ||| qw: Plans: Normal
     0 | D:1      | 0 ||| PLANNING D:1-11
   106 | D:1      | Reached skill level 1 in Unarmed Combat
   234 | D:1      | Reached XP level 2. HP: 18/22 MP: 3/3
   315 | D:1      | Found Toamitank's Magic Scroll Boutique.
   325 | D:1      | 325 ||| SHOPLISTING scroll of identify (24 gold, have 18).
   360 | D:1      | Reached skill level 1 in Fighting
   498 | D:1      | 498 ||| Stepping ~*~*~tactically~*~*~ (stealth).
   550 | D:1      | 550 ||| Stepping ~*~*~tactically~*~*~ (stealth).
   552 | D:1      | 552 ||| Stepping ~*~*~tactically~*~*~ (stealth).
   836 | D:1      | Found a faded altar of an unknown god.
   845 | D:1      | 845 ||| Stepping ~*~*~tactically~*~*~ (stealth).
   967 | D:1      | 967 ||| Stepping ~*~*~tactically~*~*~ (stealth).
   971 | D:1      | 971 ||| Stepping ~*~*~tactically~*~*~ (outnumbered).
   976 | D:1      | 976 ||| Stepping ~*~*~tactically~*~*~ (stealth).
   985 | D:1      | Reached XP level 3. HP: 20/28 MP: 4/4
   985 | D:1      | 985 ||| Stepping ~*~*~tactically~*~*~ (stealth).
   988 | D:1      | 988 ||| Stepping ~*~*~tactically~*~*~ (stealth).
  1473 | D:1      | 1473 ||| Stepping ~*~*~tactically~*~*~ (stealth).
  1475 | D:1      | 1475 ||| Stepping ~*~*~tactically~*~*~ (stealth).
  1483 | D:1      | 1483 ||| Stepping ~*~*~tactically~*~*~ (stealth).
  1491 | D:1      | 1491 ||| Stepping ~*~*~tactically~*~*~ (outnumbered).
  1651 | D:1      | 1651 ||| READING scroll labelled HUIDWO TAMAKK.
  1652 | D:1      | 1652 ||| READING scroll labelled BANULU HEWIKK.
  1655 | D:1      | 1655 ||| READING scroll labelled EPNUITWERE.
  1656 | D:1      | 1656 ||| READING scroll labelled BOHELEGEIL.
  1657 | D:1      | 1657 ||| READING scroll labelled GICORE CEPRET.
  1658 | D:1      | 1658 ||| READING scroll labelled XURCHUNK ZEBEPH.
  1659 | D:1      | 1659 ||| READING scroll labelled WELISIUTIJ.
  1660 | D:1      | 1660 ||| DROPPING potion of magic.
  1811 | D:2      | Noticed Natasha
  1812 | D:2      | 1812 ||| Stepping ~*~*~tactically~*~*~ (hiding).
  1920 | D:2      | HP: 2/28 [Natasha (9)]
  1921 | D:2      | Slain by a kobold

Levels and vault maps discovered:
D:1:      dpeg_arrival_three_bigger_balls, layout_loops_cross,
          dreamdust_ecumenical_altar_drowned_temple, serial_shops,
          nicolae_square_shop
D:2:      layout_loops_ring, basic_altar, item_on_display_a, uniq_natasha

Skill      XL: |  1  2 |
---------------+-------+-----
Unarmed Combat | 1 2 |  2.8
Fighting       | 1 |  1.1
Dodging        | |  1.7
Stealth        | |  2.1
Spellcasting   | |  1.7
Conjurations   | |  0.7
Fire Magic     | |  2.4

Action                   || total
-------------------------++-------
Melee: Unarmed           ||   129
       Punch             ||     1
  Use: Scroll            ||     7
Armor: Robe              ||    12
Dodge: Dodged            ||    78

Table legend:
 A = Non-vault XP
 B = Vault XP
 C = Vault XP percentage of total XP
 D = Non-vault monster count
 E = Vault monster count
 F = Vault count percentage of total count
                 A         B        C        D         E       F
            +---------+---------+-------+---------+---------+-------
      Total |      49 |       1 |   2.0 |      27 |       1 |   3.6
            +---------+---------+-------+---------+---------+-------
        D:1 |      46 |       1 |   2.1 |      25 |       1 |   3.8
        D:2 |       3 |       0 |   0.0 |       2 |       0 |   0.0
            +---------+---------+-------+---------+---------+-------
